 Dungeon Crawl Stone Soup version 0.30-a0-335-ge5acde7520 (webtiles) character file.

Game seed: 13390546304207449422

284 gruber the Conjurer (level 6, 0/32 HPs)
             Began as a Deep Elf Conjurer on Oct 30, 2022.
             Was an Initiate of Vehumet.
             Killed from afar by Sigmund (11 damage)
             ... with a puff of flame
             ... on level 4 of the Dungeon.
             The game lasted 00:02:00 (4053 turns).

gruber the Conjurer (Deep Elf Conjurer)             Turns: 4053, Time: 00:02:01

Health: 0/32       AC:  4    Str:  4    XL:     6   Next: 7%
Magic:  7/15       EV: 12    Int: 25    God:    Vehumet [......]
Gold:   221        SH:  0    Dex: 13    Spells: 7/14 levels left

rFire   . . .      SeeInvis .    (no weapon)
rCold   + . .      Faith    .    (no shield)
rNeg    . . .      Spirit   .    a - +0 robe
rPois   .          Reflect  .    (no helmet)
rElec   .          Harm     .    y - +0 cloak
rCorr   .          Rampage  .    (no gloves)
Will    .....                    t - +0 pair of boots
Stlth   ++........               j - amulet of magic regeneration
HPRegen 0.25/turn                w - ring of protection from cold
MPRegen 0.54/turn                (no ring)

@: no status effects
A: no striking features
a: Renounce Religion


You were on level 4 of the Dungeon.
You worshipped Vehumet.
Vehumet was noncommittal.
You visited 1 branch of the dungeon, and saw 4 of its levels.

You collected 221 gold pieces.

Inventory:

Armour
 a - a +0 robe (worn)
 t - a +0 pair of boots (worn)
 y - a +0 cloak (worn)
Jewellery
 j - an amulet of magic regeneration (around neck)
 w - a ring of protection from cold (left hand)
Scrolls
 c - 4 scrolls of poison {unknown}
 e - 4 scrolls of identify {unknown}
 f - a scroll of brand weapon {unknown}
 i - 2 scrolls of summoning {unknown}
 k - 6 scrolls of teleportation {unknown}
 n - 2 scrolls of blinking {unknown}
 o - a scroll of vulnerability {unknown}
 r - a scroll of butterflies {unknown}
 u - a scroll of noise {unknown}
 x - a scroll of immolation {unknown}
Potions
 b - a potion of magic
 d - 2 potions of resistance {unknown}
 g - 2 potions of curing {unknown}
 h - a potion of haste {unknown}
 l - 2 potions of flight {unknown}
 m - a potion of degeneration {unknown}
 p - a potion of heal wounds {unknown}
 q - 2 potions of brilliance {unknown}
 s - 2 potions of ambrosia {unknown}
 v - 2 potions of berserk rage {unknown}


   Skills:
 - Level 2.4 Dodging
 - Level 2.4 Stealth
 + Level 4.8 Spellcasting
 * Level 7.4 Conjurations


You had 7 spell levels left.
You knew the following spells:

 Your Spells              Type           Power      Damage    Failure   Level
a - Magic Dart            Conj           100%       1d8       1%          1
b - Searing Ray           Conj           86%        2d7       1%          2
c - Iskenderun's Mystic   Conj/Tloc      24%        2d7       19%         4

Your spell library contained the following spells:

 Spells                   Type           Power      Damage    Failure   Level
 Dazzling Flash           Conj/Hex       48%        N/A       5%          3
 Fulminant Prism          Conj/Hex       12%        3d9       19%         4
 Ozocubu's Armour         Ice            6%         N/A       26%         3
 Ozocubu's Refrigeration  Ice            3%         4d8       100%        7


Dungeon Overview and Level Annotations

Branches:
Dungeon (4/15)
 Temple: D:4-7

Altars:
Ashenzari
Elyvilon
Fedhas
Gozag
Makhleb
Okawaru
Qazlal
Ru
Uskayaw
Vehumet
Yredelemnul

Annotations:
D:4 Sigmund


Message History

The searing ray misses Sigmund.
The searing ray hits Sigmund!
Sigmund is moderately wounded.
Sigmund hits you from afar with a +2 scythe of protection!
The searing ray hits Sigmund.
Sigmund is moderately wounded.
You finish channelling your searing ray.
Sigmund hits you but does no damage.
Casting: Searing Ray (safe; 1% risk of failure)
Confirm with . or Enter, or press ? or * to list all spells.
Aiming: Searing Ray (safe; 1% risk of failure)
Press: ? - help, Shift-Dir - straight line, f/p - Sigmund
Aim: Sigmund, wielding a +2 scythe of protection and wearing a +0 robe (moderately wounded, 80% to hit)
The searing ray hits Sigmund.
Sigmund is heavily wounded. (Press . to maintain the ray.) Unknown command.
The searing ray hits Sigmund.
Sigmund is heavily wounded.
Sigmund barely misses you.
The searing ray hits Sigmund!
Sigmund is severely wounded.
Sigmund casts a spell at you. The magic dart hits you.
The searing ray hits Sigmund but does no damage.
Sigmund is severely wounded.
You finish channelling your searing ray.
Sigmund completely misses you.
Casting: Searing Ray (safe; 1% risk of failure)
Confirm with . or Enter, or press ? or * to list all spells.
Aiming: Searing Ray (safe; 1% risk of failure)
Press: ? - help, Shift-Dir - straight line, f/p - Sigmund
Aim: Sigmund, wielding a +2 scythe of protection and wearing a +0 robe (severely wounded, 80% to hit)
The searing ray hits Sigmund.
Sigmund is almost dead. (Press . to maintain the ray.)
The searing ray misses Sigmund.
Sigmund casts a spell at you. The puff of flame hits you!
You die...

..##########..###.##
..>................
##.#########......#
...#.. .........
##.#.# ........#
#.#.# #.# #.#.# #..
#@# ##.#.####.#.#
#†# .......##.#.#
#@# .......##.#.#
#.# ..#+#..##.#.#
#.# ..+ ..##.#.# #.#
..#+#..##.#.####.#
......###.#......#
......###.#.####.#
...........## #..#
....###.....# ##..#


You could see Sigmund.

Vanquished Creatures
  A scorpion (D:3)
  An iguana (D:4)
  Natasha (twice) (D:3)
  An orc wizard (D:3)
  5 adders
  4 dart slugs
  2 orcs (D:3)
  4 ball pythons
  5 endoplasms
  4 giant cockroaches
  8 goblins
  4 hobgoblins
  7 jackals
  3 quokkas
  7 bats
  4 frilled lizards
  7 kobolds
  2 rats
71 creatures vanquished.

Vanquished Creatures (others)
  A fungus (D:3)
  A plant (D:3)
2 creatures vanquished.

Grand Total: 73 creatures vanquished

Notes
Turn   | Place    | Note
-------+----------+-------------------------------------------
     0 | D:1      | gruber the Deep Elf Conjurer began the quest for the Orb.
     0 | D:1      | Reached XP level 1. HP: 10/10 MP: 6/6
   215 | D:1      | Reached XP level 2. HP: 15/15 MP: 5/8
   219 | D:1      | Reached skill level 5 in Conjurations
   991 | D:2      | Reached XP level 3. HP: 19/19 MP: 2/9
   994 | D:2      | Learned a level 2 spell: Searing Ray
  1596 | D:2      | Reached XP level 4. HP: 24/24 MP: 6/11
  1675 | D:2      | Reached skill level 6 in Conjurations
  2126 | D:3      | Found a stormy altar of Qazlal.
  2278 | D:3      | Noticed Natasha
  2284 | D:3      | Killed Natasha
  2343 | D:3      | Found a broken altar of Ashenzari.
  2408 | D:3      | Found a sacrificial altar of Ru.
  2414 | D:3      | Found a hide-covered altar of Uskayaw.
  2415 | D:3      | Found an iron altar of Okawaru.
  2417 | D:3      | Found a burning altar of Makhleb.
  2417 | D:3      | Found a white marble altar of Elyvilon.
  2418 | D:3      | Found a radiant altar of Vehumet.
  2423 | D:3      | Found a basalt altar of Yredelemnul.
  2424 | D:3      | Became a worshipper of Vehumet
  2453 | D:3      | Noticed Natasha
  2458 | D:3      | Killed Natasha
  2459 | D:3      | Reached XP level 5. HP: 24/28 MP: 5/13
  2649 | D:3      | Reached skill level 7 in Conjurations
  2874 | D:3      | Found a blossoming altar of Fedhas.
  3484 | D:4      | Reached XP level 6. HP: 32/32 MP: 6/15
  3673 | D:4      | Found an opulent altar of Gozag.
  3737 | D:4      | Learned a level 4 spell: Iskenderun's Mystic Blast
  4035 | D:4      | Noticed Sigmund
  4053 | D:4      | Killed from afar by Sigmund

Illustrated notes

Levels and vault maps discovered:
D:1:      roderic_crop_circles_arrival_small, layout_loops_ring,
          chequers_serial_rivers_small_b
D:2:      layout_loops_cross, kennysheep_generic_room_11
D:3:      layout_loops_ring, grunt_temple_overflow_forces_of_nature,
          nicolae_overflow_hallway_of_the_gods, nicolae_ashenzari_panopticon,
          uniq_natasha
D:4:      layout_basic, mainiacjoe_overflow_concentric_impassable,
          kennysheep_mini_moat, nzn_wu_jian_council_hall, uniq_sigmund

Skill      XL: |  1  2  3  4  5 |
---------------+----------------+-----
Conjurations   | 5 6 7 |  7.4
Spellcasting   | 4 |  4.8
Dodging        | |  2.4
Stealth        | |  2.4

Action                   |  1- 3 |  4- 6 || total
-------------------------+-------+-------++-------
 Cast: Magic Dart        |    66 |    61 ||   127
       Searing Ray       |       |     9 ||     9
Armor: Robe              |     1 |     1 ||     2
Dodge: Dodged            |     2 |     8 ||    10

Table legend: (Time is in decaauts)
 A = Elapsed time spent in this place.
 B = Non-inter-level travel time spent in this place.
 C = Inter-level travel time spent in this place.
 D = Time resting spent in this place.
 E = Time spent auto-exploring this place.
 F = Levels seen in this place.
 G = Mean time per level.
                   A        B        C        D        E       F      G
               +--------+--------+--------+--------+--------+-----+--------+
         Total |   4053 |   3891 |    162 |      0 |   3565 |   4 | 1013.2 |
       Dungeon |   4053 |   3891 |    162 |      0 |   3565 |   4 | 1013.2 |
               +--------+--------+--------+--------+--------+-----+--------+

Top non-repeatable levels by time:
     D:3: 1156 daAuts
     D:2: 1027 daAuts
     D:1: 977 daAuts
     D:4: 891 daAuts
